 Dungeon Crawl Stone Soup version 0.26.0-10-g1f06aea511 (webtiles) character file.

Game seed: 15304870199577155456

627 MajorAdolf the Stinger (level 7, -2/55 HPs)
             Began as a Naga Wanderer on Jan 16, 2021.
             Shot with an arrow by a centaur (9 damage)
             ... on level 5 of the Dungeon.
             The game lasted 00:14:29 (7841 turns).

MajorAdolf the Stinger (Naga Wanderer)              Turns: 7841, Time: 00:14:29

Health: -2/55      AC:  3    Str: 13    XL:     7   Next: 47%
Magic:  7/12       EV:  9    Int: 16    God:
Gold:   216        SH:  0    Dex: 10    Spells: 5/13 levels left

rFire    . . .     SeeInvis +   e - +0 dagger
rCold    . . .     Faith    .   (no shield)
rNeg     . . .     Spirit   .   d - +0 robe
rPois    +         Reflect  .   (no helmet)
rElec    .         Harm     .   (no cloak)
rCorr    .         Rampage  .   (no gloves)
Will     .....                  (no barding)
Stlth    +++.......             n - amulet of magic regeneration
HPRegen  0.18/turn              (no ring)
MPRegen  0.38/turn              (no ring)

@: very slow
A: large, see invisible, deformed body, poison resistance, slowness 2, spit
poison 1, AC +2
a: Spit Poison


You were on level 5 of the Dungeon.
You visited 1 branch of the dungeon, and saw 5 of its levels.
You also visited: Sewer.

You collected 216 gold pieces.

Inventory:

Hand Weapons
 a - a +0 club
 e - a +0 dagger (weapon)
 f - a +0 dagger
Missiles
 h - 30 poisoned darts
Armour
 d - a +0 robe (worn)
Jewellery
 n - an amulet of magic regeneration (around neck)
Wands
 i - a wand of disintegration (12)
 m - a wand of paralysis (5)
 r - a wand of iceblast (8)
Scrolls
 c - a scroll of blinking
 q - a scroll of identify
Potions
 b - 2 potions of haste
 g - 2 potions of curing
 j - 2 potions of brilliance
 k - a potion of mutation
 l - a potion of cancellation
 o - a potion of flight
 p - a potion of berserk rage {unknown}


   Skills:
 - Level 1.0 Staves
 - Level 1.0 Dodging
 + Level 5.6 Stealth
 + Level 3.7 Spellcasting
 + Level 2.7 Conjurations
 - Level 2.0 Translocations
 + Level 0.9 Transmutations
 + Level 1.2 Fire Magic
 + Level 2.8 Air Magic
 * Level 5.8 Poison Magic


You had 5 spell levels left.
You knew the following spells:

 Your Spells              Type           Power        Failure   Level
a - Poisonous Vapours     Pois/Air       32%          4%          2
b - Mephitic Cloud        Conj/Pois/Air  15%          11%         3
c - Ignite Poison         Fire/Tmut/Pois 11%          17%         3

Your spell library contained the following spells:

 Spells                   Type           Power        Failure   Level
 Sting                    Tmut/Pois      52%          4%          1
 Beastly Appendage        Tmut           12%          12%         1
 Olgreb's Toxic Radiance  Pois           21%          16%         4


Dungeon Overview and Level Annotations

Branches:
Dungeon (5/15)              Sewer (visited)
 Temple: D:4-7

Altars:
Ashenzari
Vehumet

Annotations:
D:2 exclusion: 2 gnolls
D:4 Menkaure, Purgy


Innate Abilities, Weirdness & Mutations

You cannot wear boots.
Your serpentine skin is tough. (AC +2)
You have supernaturally acute eyesight. (SInv)
Armour fits poorly on your strangely shaped body.
Your system is resistant to poisons. (rPois)
You cover ground very slowly.
You can spit poison.


Message History

Unknown command.
Casting: Poisonous Vapours (safe; 4% risk of failure)
Confirm with . or Enter, or press ? or * to list all spells.
Aiming: Poisonous Vapours (safe; 4% risk of failure)
Press: ? - help, Dir - move target, f/p - centaur
Aim: a centaur, wielding a +0 shortbow of flaming and quivering 5 arrows (moderately wounded, very poisoned) Poisonous vapours surround the centaur!
The centaur shouts!
The centaur is engulfed in poison gas.
The centaur looks even sicker.
The centaur shoots an arrow.
The arrow hits you! The arrow burns you.
The centaur wields a +2 shortbow of flaming.
It bursts into flame!
The centaur shoots an arrow.
The arrow hits you! The arrow burns you.
Unknown command.
The centaur shoots an arrow.
The arrow hits you!
* * * LOW HITPOINT WARNING * * *
The arrow burns you!
* * * LOW HITPOINT WARNING * * *
The centaur shoots an arrow.
The arrow hits you!
You die...

.............#
..........cc.
............
........c. #
#....... #
#...... #
#..>..# #
#....(# #
#...(@# #
#.....# #
###.....# #
........# #
........# +
..<.....# #
........# #
........#####
####+##
........#...#


You could see 2 centaurs.

Vanquished Creatures
  2 bullfrogs (Sewer)
  A scorpion (D:4)
  A water moccasin skeleton (D:5)
  A centaur skeleton (D:3)
  A hound (D:4)
  An orc wizard (D:5)
  A worker ant (D:4)
  3 gnolls (D:3)
  8 adders
  14 oozes (Sewer)
  An adder skeleton (D:5)
  2 worms (D:3)
  2 dart slugs
  11 leopard geckos
  2 orcs
  16 giant cockroaches
  12 goblins
  9 hobgoblins
  5 jackals
  A quokka (D:3)
  8 ball pythons
  5 bats
  12 frilled lizards
  4 kobolds
  A leopard gecko skeleton (D:4)
  4 rats
128 creatures vanquished.

Notes
Turn   | Place    | Note
-------+----------+-------------------------------------------
     0 | D:1      | MajorAdolf the Naga Wanderer began the quest for the Orb.
     0 | D:1      | MajorAdolf set off with the following items: a +0 club, a
                  | potion of lignification, a +0 robe, a +0 dagger; and the
                  | following spells available to memorise: Sting, Beastly
                  | Appendage, Poisonous Vapours, Ignite Poison, Mephitic
                  | Cloud, Olgreb's Toxic Radiance
     0 | D:1      | Reached XP level 1. HP: 15/15 MP: 3/3
   394 | D:1      | Reached XP level 2. HP: 17/22 MP: 5/5
   467 | D:1      | Learned a level 2 spell: Poisonous Vapours
  1302 | D:2      | Reached XP level 3. HP: 28/28 MP: 1/6
  1376 | D:2      | Learned a level 3 spell: Mephitic Cloud
  2461 | D:3      | Found a faded altar of an unknown god.
  2638 | D:3      | Found a glowing drain.
  2650 | D:3      | Reached XP level 4. HP: 34/36 MP: 3/7
  2685 | D:3      | Reached skill level 1 in Conjurations
  2685 | D:3      | Reached skill level 1 in Air Magic
  2720 | Sewer    | Entered a sewer
  2866 | Sewer    | Learned a level 3 spell: Ignite Poison
  3239 | Sewer    | Reached XP level 5. HP: 32/42 MP: 1/9
  4504 | Sewer    | Reached XP level 6. HP: 31/49 MP: 7/10
  4775 | Sewer    | Reached skill level 5 in Poison Magic
  5103 | Sewer    | Reached skill level 5 in Stealth
  6179 | D:3      | Reached XP level 7. HP: 55/55 MP: 5/12
  6846 | D:4      | Found a radiant altar of Vehumet.
  7033 | D:4      | Noticed Menkaure
  7094 | D:4      | Noticed Purgy
  7117 | D:5      | Entered Level 5 of the Dungeon
  7257 | D:5      | Found a broken altar of Ashenzari.
  7301 | D:5      | Reached skill level 1 in Fire Magic
  7841 | D:5      | Shot with an arrow by a centaur

Illustrated notes

Levels and vault maps discovered:
D:1:      scummos_arrival_star, layout_loops_ring, kennysheep_minor_cross,
          hangedman_decor_clover_reticule, nrook_campfire
D:2:      layout_basic
D:3:      layout_basic, chequers_ecumenical_altar_island, portal_sewer_entry_f
D:4:      layout_basic, vehumet_crystals, corexii_item_surrounded_by_moat,
          uniq_menkaure, uniq_purgy
D:5:      layout_gridville, st_stairs_11, cheibrodos_ashenzari_chains

Skill      XL: |  1  2  3  4  5  6  7 |
---------------+----------------------+-----
Poison Magic   | 2 3 4 5 |  5.8
Conjurations   | 1 2 |  2.7
Air Magic      | 1 2 |  2.8
Spellcasting   | 3 |  3.7
Stealth        | 5 |  5.6
Fire Magic     | 1 |  1.2
Staves         | |  1.0
Dodging        | |  1.0
Translocations | |  2.0
Transmutations | |  0.9

Action                   |  1- 3 |  4- 6 |  7- 9 || total
-------------------------+-------+-------+-------++-------
Melee: Club              |    13 |       |       ||    13
       Dagger            |     1 |   191 |    25 ||   217
 Cast: Poisonous Vapours |    32 |    75 |    27 ||   134
 Abil: Spit Poison       |    10 |     1 |     1 ||    12
  Use: Scroll            |     6 |     3 |     6 ||    15
       Potion            |       |     1 |       ||     1
 Stab: Sleeping          |       |     1 |     2 ||     3
Armor: Robe              |    10 |    22 |     9 ||    41
       Skin              |       |    12 |       ||    12
Dodge: Dodged            |    16 |    66 |    16 ||    98
